 Dungeon Crawl Stone Soup version 0.31-a0-263-ge8cad7f256 (webtiles) character file.

Game seed: 16163113321717371742

355 dolemite99 the Ruffian (level 6, 0/55 HPs)
             Began as a Troll Shapeshifter on July 14, 2023.
             Killed from afar by Dowan (14 damage)
             ... with a stone arrow
             ... on level 4 of the Dungeon.
             The game lasted 00:02:14 (2473 turns).

dolemite99 the Ruffian (Troll Shapeshifter)         Turns: 2473, Time: 00:02:15

Health: 0/55       AC:  4    Str: 26    XL:     6   Next: 36%
Magic:  5/5        EV:  9    Int:  4    God:
Gold:   153        SH:  0    Dex: 10    Spells: 5/5 levels left

rFire   . .          .
                       - Unarmed
rCold   . . .        (no shield)
rNeg    . . .        a - +0 animal skin
rPois   .            (helmet currently unavailable)
rElec   .            (cloak currently unavailable)
rCorr   .            (gloves unavailable)
SInv    .            (boots unavailable)
Will    .....        (no amulet)
Stlth   +            (no ring)
HPRegen 1.09/turn    (no ring)
MPRegen 0.09/turn

%: no passive effects
@: beast-form
A: beast (slay +3), large, unfitting armour, claws 3, regeneration 1, shaggy fur
1, tough skin 1
a: Begin Untransformation


You were on level 4 of the Dungeon.
You were a hulking beast.
You visited 1 branch of the dungeon, and saw 4 of its levels.

You collected 153 gold pieces.

Inventory:

Missiles
 e - 6 large rocks
Armour
 a - a +0 animal skin (worn)
Talismans
 c - a beast talisman
Scrolls
 f - 2 scrolls of enchant armour {unknown}
 g - 5 scrolls of identify {unknown}
 j - 3 scrolls of teleportation {unknown}
 l - a scroll of immolation {unknown}
 m - a scroll of silence {unknown}
 o - 2 scrolls of enchant weapon {unknown}
 p - a scroll of revelation {unknown}
Potions
 b - a potion of lignification
 d - 2 potions of enlightenment {unknown}
 h - a potion of curing
 i - 3 potions of attraction {unknown}
 k - a potion of haste {unknown}
 n - a potion of heal wounds {unknown}
 q - a potion of brilliance {unknown}


   Skills:
 - Level 1.5 Fighting
 - Level 1.5 Dodging
 + Level 5.0 Unarmed Combat
 + Level 4.9 Shapeshifting


You had 5 spell levels left.
You didn't know any spells.
Your spell library contained the following spells:

 Spells                   Type           Power      Damage    Failure   Level
 Apportation              Tloc           0%         N/A       50%         1
 Necrotise                Necr           0%         1d4       50%         1
 Shock                    Conj/Air       0%         1d3       50%         1
 Summon Small Mammal      Summ           0%         N/A       50%         1
 Inner Flame              Hex/Fire       0%         N/A       86%         3
 Swiftness                Air            0%         N/A       86%         3
 Volatile Blastmotes      Fire/Tloc      0%         2d10      86%         3
 Airstrike                Air            0%         2d(0-16)  99%         4
 Animate Dead             Necr           0%         N/A       99%         4
 Flame Wave               Conj/Fire      0%         2d4       99%         4
 Fulminant Prism          Conj/Hex       0%         3d5       99%         4
 Iskenderun's Mystic Bla  Conj/Tloc      0%         2d3       99%         4
 Sticky Flame             Conj/Fire      0%         2d3       99%         4
 Borgnjor's Vile Clutch   Necr/Erth      0%         N/A       100%        5
 Death Channel            Necr           0%         N/A       100%        6


Dungeon Overview and Level Annotations

Branches:
Dungeon (4/15)
 Temple: D:4-7

Altars:
Trog

Annotations:
D:4 Dowan


Innate Abilities, Weirdness & Mutations

You are a hulking beast.
Your limbs bulge with bestial killing power. (Slay +3)
You are too large for most types of armour.
You have claws for hands.
Your natural rate of healing is unusually fast.
You are covered in fur. (AC +1)
You have tough skin. (AC +1)


Message History

Dowan gestures wildly while chanting.
Dowan blinks!
Found a scroll labelled KUAKIT SEDIAN.
You feel sick.
Dowan gestures wildly while chanting.
Dowan blinks!
Found 10 gold pieces.
You feel sick.
You feel sick.
You feel sick.
You now have 153 gold pieces (gained 10).
You feel sick.
There are no items here.
It was a potion of curing.
You feel better.
Dowan is nearby!
Dowan hits you with a +1 dagger of venom.
You are poisoned.
You scratch Dowan but do no damage.
Dowan is almost dead.
You feel very sick.
Dowan says, "Magic will overcome all!"
Dowan misses you.
Dowan mumbles some strange words.
Dowan blinks!
You feel sick.
Dowan points at you and mumbles some strange words.
The shard of ice hits you!
* * * LOW HITPOINT WARNING * * *
You feel sick.
Dowan hits you with a +1 dagger of venom.
* * * LOW HITPOINT WARNING * * *
You are lethally poisoned!
Dowan gestures at you while chanting. The stone arrow hits you.
* * * LOW HITPOINT WARNING * * *
You feel better. Dowan closely misses you.
You feel better.
Dowan points at you and mumbles some strange words.
The stone arrow misses you. Dowan gestures at you while chanting.
The stone arrow hits you!
You die...

.##.# #..##
##.......## ###.#
#.## ## ##.....##
#.# #.. ..#
##...## #.#
#.###.# ##'## #.#
#...#.# #.# #.#
#.#.#.# #.# #.#
#.....# ##.## #.#
#?..e.# ##.†.##
#.#
#...h.####.....#
###.#
#........)....##
)..[#
#......#..#.......
#####
#......#......####
######.##.#...#
#.##.#...#
#........#
####.....# #### ##


You could see Dowan (fast).

Vanquished Creatures
  Duvessa (D:4)
  2 orc priests
  An iguana (D:4)
  2 orc wizards (D:4)
  2 adders (D:2)
  2 worms (D:2)
  2 dart slugs
  11 orcs
  5 bats
  An endoplasm (D:2)
  A giant cockroach (D:1)
  10 goblins
  5 hobgoblins
  12 jackals
  A kobold (D:4)
  3 quokkas
  A ball python (D:1)
  6 frilled lizards
  4 rats
72 creatures vanquished.

Notes
Turn   | Place    | Note
-------+----------+-------------------------------------------
     0 | D:1      | dolemite99 the Troll Shapeshifter began the quest for the
                  | Orb.
     0 | D:1      | Reached XP level 1. HP: 19/19 MP: 0/0
    99 | D:1      | Reached XP level 2. HP: 24/27 MP: 1/1
   678 | D:2      | Reached XP level 3. HP: 31/33 MP: 2/2
   802 | D:2      | Reached skill level 3 in Unarmed Combat
  1346 | D:2      | Reached XP level 4. HP: 40/41 MP: 3/3
  1411 | D:3      | Found a bloodstained altar of Trog.
  1971 | D:4      | Reached XP level 5. HP: 31/48 MP: 4/4
  1973 | D:4      | Reached skill level 4 in Unarmed Combat
  2449 | D:4      | Noticed Duvessa
  2454 | D:4      | Noticed Dowan
  2458 | D:4      | Killed Duvessa
  2459 | D:4      | Reached skill level 5 in Unarmed Combat
  2459 | D:4      | Reached XP level 6. HP: 34/55 MP: 5/5
  2471 | D:4      | HP: 1/55 [Dowan/stone arrow (3)]
  2473 | D:4      | Killed from afar by Dowan

Illustrated notes

Levels and vault maps discovered:
D:1:      onia_arrival_pentagram, layout_basic
D:2:      layout_basic, minmay_tetromino_o2
D:3:      layout_rooms, overflow_temple_1_default, serial_corexii_hall,
          corexii_hall_statues_u, corexii_hall_statues_x
D:4:      layout_loops_corners, uniq_duvessa, uniq_blork_the_orc

Skill      XL: |  1  2  3  4  5 |
---------------+----------------+-----
Unarmed Combat | 3 5 |  5.0
Shapeshifting  | 4 |  4.9
Fighting       | |  1.5
Dodging        | |  1.5

Action                     |  1- 3 |  4- 6 || total
---------------------------+-------+-------++-------
  Melee: Unarmed           |   108 |    83 ||   191
         Punch             |     2 |     1 ||     3
    Use: Potion            |       |     4 ||     4
 Armour: Animal skin       |    47 |    16 ||    63
         Skin              |       |    12 ||    12
  Dodge: Dodged            |    53 |    50 ||   103

Table legend: (Time is in decaauts)
 A = Elapsed time spent in this place.
 B = Non-inter-level travel time spent in this place.
 C = Inter-level travel time spent in this place.
 D = Time resting spent in this place.
 E = Time spent auto-exploring this place.
 F = Levels seen in this place.
 G = Mean time per level.
                   A        B        C        D        E       F      G
               +--------+--------+--------+--------+--------+-----+--------+
         Total |   2462 |   2336 |    126 |    250 |   1579 |   4 |  615.5 |
       Dungeon |   2462 |   2336 |    126 |    250 |   1579 |   4 |  615.5 |
               +--------+--------+--------+--------+--------+-----+--------+

Top non-repeatable levels by time:
     D:2: 838 daAuts
     D:4: 632 daAuts
     D:1: 593 daAuts
     D:3: 397 daAuts
